 Dungeon Crawl Stone Soup version 0.30-a0-779-g7971cf19c3 (webtiles) character file.

Game seed: 15785855402702368744

221 Dittersdorf the Covered (level 5, 0/37 HPs)
             Began as a Gargoyle Fighter on Feb 17, 2023.
             Was an Initiate of Okawaru.
             Slain by an orc wizard
             ... wielding a +0 dagger
              (2 damage)
             ... on level 4 of the Dungeon.
             The game lasted 00:04:44 (3288 turns).

Dittersdorf the Covered (Gargoyle Fighter)          Turns: 3288, Time: 00:04:44

Health: 0/37       AC: 11    Str: 20    XL:     5   Next: 98%
Magic:  5/5        EV:  9    Int: 13    God:    Okawaru [......]
Gold:   187        SH:  4    Dex:  8    Spells: 4/4 levels left

rFire   . . .      SeeInvis .    a - +0 flail
rCold   + . .      Faith    .    c - +0 buckler
rNeg    + . .      Spirit   .    b - +0 scale mail
rPois   ∞          Reflect  .    (no helmet)
rElec   +          Harm     .    (no cloak)
rCorr   .          Rampage  .    (no gloves)
Will    .....                    (no boots) Stlth
                                 f - amulet of magic regeneration
HPRegen 0.26/turn                l - ring of protection from cold
MPRegen 0.49/turn                (no ring)

@: mighty, hasted, very quick
A: sickness immunity, AC +4, negative energy resistance 1, electricity
resistance, torment resistance 1, petrification resistance, clever 1, robust 1
a: Renounce Religion


You were on level 4 of the Dungeon.
You worshipped Okawaru.
Okawaru was noncommittal.
You visited 2 branches of the dungeon, and saw 6 of its levels.

You collected 187 gold pieces.

Inventory:

Hand Weapons
 a - a +0 flail (weapon)
Armour
 b - a +0 scale mail (worn)
 c - a +0 buckler (worn)
Jewellery
 f - an amulet of magic regeneration (around neck)
 l - a ring of protection from cold (left hand)
Wands
 e - a wand of digging (5)
Scrolls
 g - a scroll of identify
 i - a scroll of vulnerability {unknown}
 k - a scroll of silence
 n - 6 scrolls of teleportation
 o - 2 scrolls of blinking {unknown}
 p - 3 scrolls of fog
 r - a scroll of fear {unknown}
 t - a scroll of enchant armour {unknown}
 v - 3 scrolls of poison {unknown}
 w - a scroll of magic mapping {unknown}
Potions
 d - 2 potions of might
 h - 2 potions of degeneration {unknown}
 j - 2 potions of haste
 m - 2 potions of mutation
 q - 2 potions of berserk rage {unknown}
 s - a potion of ambrosia {unknown}
 u - 4 potions of curing {unknown}
 z - a potion of invisibility


   Skills:
 + Level 4.5 Fighting
 + Level 3.3 Maces & Flails
 + Level 4.5 Armour
 + Level 4.5 Shields


You had 4 spell levels left.
You didn't know any spells.
Your spell library contained the following spells:

 Spells                   Type           Power      Damage    Failure   Level
 Ensorcelled Hibernation  Hex/Ice        0%         N/A       86%         2
 Passwall                 Tmut/Erth      0%         N/A       86%         2
 Spider Form              Tmut/Pois      0%         N/A       97%         3
 Swiftness                Air            0%         N/A       97%         3
 Anguish                  Hex/Necr       0%         N/A       100%        4
 Summon Small Mammal      Summ           Unusable   N/A       N/A         1
 Call Canine Familiar     Summ           Unusable   N/A       N/A         3
 Summon Guardian Golem    Hex/Summ       Unusable   N/A       N/A         3

Dungeon Overview and Level Annotations

Branches:
Dungeon (5/15)             Temple (1/1) D:4

Altars:
Ashenzari
Cheibriados
Dithmenos
Elyvilon
Fedhas
Gozag
Hepliaklqana
Kikubaaqudgha
Nemelex Xobeh
Okawaru
Qazlal
Ru
Trog
Uskayaw
Vehumet
Wu Jian
Xom
Yredelemnul
The Shining One

Shops:
D:1 *


Innate Abilities, Weirdness & Mutations

You are immune to sickness and miasma.
Your stone body is resilient. (AC +4)
You are immune to poison.
You resist negative energy. (rN+)
You are resistant to electric shocks. (rElec)
You are resistant to unholy torment.
You are immune to petrification.
Your mind is acute. (Int +4, Str/Dex -1)
You are robust. (+10% HP)


Message History

The magic dart hits you.
You completely miss something. Something hits you.
You miss something.
You feel less confused.
You hear some strange, mumbled words.
A magic dart appears from out of thin air!
The magic dart hits you. Something hits you.
You miss something.
You hear some strange, mumbled words.
A magic dart appears from out of thin air!
The magic dart hits you!
* * * LOW HITPOINT WARNING * * *
You barely miss something. Something hits you.
* * * LOW HITPOINT WARNING * * *
You miss something.
Something hits you but does no damage. x2
It was a potion of mutation.
You feel extremely strange.
You feel robust.
You feel clever. Something hits you but does no damage.
Okay, then.
It was a potion of haste.
You feel yourself speed up. Something hits you but does no damage.
You closely miss something. You barely miss something.
Something hits you but does no damage.
You miss something. Something hits you.
* * * LOW HITPOINT WARNING * * *
You miss something. Something hits you but does no damage.
You miss something.
You hear some strange, mumbled words.
A magic dart appears from out of thin air!
The magic dart hits you but does no damage.
You barely miss something. Something hits you but does no damage.
You feel very mighty all of a sudden. Something hits you but does no damage.
You thump something! You closely miss something. Something hits you.
* * * LOW HITPOINT WARNING * * *
You barely miss something. Something hits you but does no damage.
You miss something. Something hits you but does no damage.
You closely miss something. Something hits you.
You die...

##.######.# #.# #.#.#
#.....##.###.# #.#.#
#####'##..##.# #.#.#
#####......)#.####.#.#
#..................#.#
#............#######.#
#.......[.#!..# #.#
#.........##..######.#
#..........#)>){@....#
#.......##.###########
######.##≈.≈# #
#.###.## # #.##≈>≈# #
#..##.## # ##.#≈.≈# #
#.##.## # #....#


There were no monsters in sight!

Vanquished Creatures
  A jelly (D:4)
  An iguana (D:4)
  6 adders
  3 worms
  3 dart slugs
  2 orcs (D:4)
  9 ball pythons
  8 bats
  6 endoplasms
  5 giant cockroaches
  10 hobgoblins
  7 jackals
  6 quokkas
  4 frilled lizards
  6 goblins
  9 kobolds
  5 rats
91 creatures vanquished.

Notes
Turn   | Place    | Note
-------+----------+-------------------------------------------
     0 | D:1      | Dittersdorf the Gargoyle Fighter began the quest for the
                  | Orb.
     0 | D:1      | Reached XP level 1. HP: 14/14 MP: 1/1
    79 | D:1      | Reached XP level 2. HP: 19/19 MP: 2/2
   114 | D:1      | Found a faded altar of an unknown god.
   261 | D:1      | Found Ifrak's General Store.
   472 | D:1      | Reached XP level 3. HP: 21/23 MP: 3/3
  1078 | D:2      | Reached XP level 4. HP: 29/29 MP: 4/4
  1774 | D:3      | Reached XP level 5. HP: 33/33 MP: 5/5
  2119 | D:3      | Found a hazy altar of Hepliaklqana.
  2128 | D:3      | Found a blossoming altar of Fedhas.
  2382 | D:4      | Found a staircase to the Ecumenical Temple.
  2404 | Temple   | Entered the Ecumenical Temple
  2485 | Temple   | Became a worshipper of Warmaster Okawaru
  3229 | D:5      | Entered Level 5 of the Dungeon
  3275 | D:4      | Gained mutation: You are robust. (+10% HP) [potion of
                  | mutation]
  3275 | D:4      | Gained mutation: Your mind is acute. (Int +4, Str/Dex -1)
                  | [potion of mutation]
  3279 | D:4      | HP: 1/37 [something (2)]
  3288 | D:4      | Slain by an orc wizard

Illustrated notes

Levels and vault maps discovered:
D:1:      minmay_arrival_up_and_down, layout_basic, serial_shops, shop,
          hellmonk_ecumenical_altar_pennies_from_heaven
D:2:      layout_rooms
D:3:      layout_basic, mainiacjoe_overflow_swirl, chequers_serial_rivers_room_b
D:4:      layout_basic, minmay_temple_entry_metal_lava
D:5:      layout_gridville, uniq_blork_the_orc
Temple:   nicolae_temple_bog_church

Skill      XL: |  1  2  3  4 |
---------------+-------------+-----
Armour         | 4 |  4.5
Fighting       | 4 |  4.5
Shields        | 4 |  4.5
Maces & Flails | 3 |  3.3

Action                     |  1- 3 |  4- 6 || total
---------------------------+-------+-------++-------
  Melee: Flail             |   155 |   209 ||   364
    Use: Scroll            |       |     8 ||     8
         Potion            |       |     3 ||     3
 Armour: Scale mail        |    73 |   134 ||   207
  Dodge: Dodged            |    81 |   103 ||   184
  Block: Buckler           |    53 |    47 ||   100

Table legend: (Time is in decaauts)
 A = Elapsed time spent in this place.
 B = Non-inter-level travel time spent in this place.
 C = Inter-level travel time spent in this place.
 D = Time resting spent in this place.
 E = Time spent auto-exploring this place.
 F = Levels seen in this place.
 G = Mean time per level.
                   A        B        C        D        E       F      G
               +--------+--------+--------+--------+--------+-----+--------+
         Total |   3403 |   3179 |    224 |    120 |   2248 |   6 |  567.2 |
       Dungeon |   3309 |   3094 |    215 |    120 |   2185 |   5 |  661.8 |
        Temple |     94 |     86 |      8 |      0 |     63 |   1 |   94.0 |
               +--------+--------+--------+--------+--------+-----+--------+

Top non-repeatable levels by time:
     D:4: 984 daAuts
     D:3: 912 daAuts
     D:1: 816 daAuts
     D:2: 589 daAuts
  Temple: 94 daAuts
     D:5: 6 daAuts
